 Dungeon Crawl Stone Soup version 0.28.0 (webtiles) character file.

Game seed: 6598808618638377160

121 Ijustatesigmund the Skirmisher (level 5, -6/34 HPs)
             Began as a Gargoyle Fighter on Feb 10, 2022.
             Mangled by Crazy Yiuf (11 damage)
             ... on level 2 of the Dungeon.
             The game lasted 00:02:54 (2349 turns).

Ijustatesigmund the Skirmisher (Gargoyle Fighter)   Turns: 2349, Time: 00:02:55

Health: -6/34      AC: 12    Str: 28    XL:     5   Next: 5%
Magic:  5/5        EV:  9    Int:  8    God:
Gold:   38         SH:  4    Dex:  9    Spells: 4/4 levels left

rFire   . . .      SeeInvis .   a - +1 flail
rCold   . . .      Faith    .   c - +0 buckler
rNeg    + . .      Spirit   .   b - +0 scale mail
rPois   ∞          Reflect  .   e - +0 helmet
rElec   +          Harm     .   (no cloak)
rCorr   .          Rampage  .   (no gloves)
Will    .....                   (no boots)
Stlth   ..........              (no amulet)
HPRegen 0.11/turn               f - +6 ring of strength
MPRegen 0.09/turn               (no ring)

@: no status effects
A: sickness immunity, AC +4, negative energy resistance 1, electricity
resistance, torment resistance 1, petrification resistance
a: no special abilities


You were on level 2 of the Dungeon.
You visited 1 branch of the dungeon, and saw 2 of its levels.

You collected 147 gold pieces.
You spent 109 gold pieces at shops.

Inventory:

Hand Weapons
 a - a +1 flail (weapon)
Missiles
 l - 2 throwing nets (quivered)
Armour
 b - a +0 scale mail (worn)
 c - a +0 buckler (worn)
 e - a +0 helmet (worn)
Jewellery
 f - a +6 ring of strength (left hand)
Scrolls
 d - a scroll of fear
 h - 2 scrolls of immolation
 i - 4 scrolls of teleportation
 j - a scroll of magic mapping
 m - 2 scrolls of identify
Potions
 k - a potion of invisibility


   Skills:
 + Level 4.4 Fighting
 * Level 4.3 Maces & Flails
 - Level 3.2 Armour
 - Level 3.2 Shields


You had 4 spell levels left.
You didn't know any spells.
Your spell library was empty.

Dungeon Overview and Level Annotations

Branches:
Dungeon (2/15)

Altars:

Shops:
D:1 (:(?*

Annotations:
D:2 Crazy Yiuf


Innate Abilities, Weirdness & Mutations

You are immune to sickness and miasma.
Your stone body is resilient. (AC +4)
You are immune to poison.
You resist negative energy. (rN+)
You are resistant to electric shocks. (rElec)
You are resistant to unholy torment.
You are immune to petrification.


Message History

The endoplasm freezes you.
You are frozen.
You hit the endoplasm but do no damage.
The endoplasm hits you but does no damage.
The endoplasm closely misses you.
You hit the endoplasm but do no damage. The endoplasm freezes you.
You are frozen.
You hit the endoplasm.
You kill the endoplasm!
No target in view!
No target in view!
No target in view!
Crazy Yiuf shouts!
You open the door. Crazy Yiuf closely misses you.
You barely miss Crazy Yiuf.
Crazy Yiuf hits you with a +4 quarterstaff of chaos.
You hit Crazy Yiuf.
Crazy Yiuf is lightly wounded.
Crazy Yiuf barely misses you.
You hit Crazy Yiuf.
Crazy Yiuf is moderately wounded.
Crazy Yiuf closely misses you.
You sock Crazy Yiuf!
Crazy Yiuf is heavily wounded.
Crazy Yiuf hits you with a +4 quarterstaff of chaos!
Crazy Yiuf burns you.
You barely miss Crazy Yiuf.
Crazy Yiuf is heavily wounded.
Crazy Yiuf barely misses you.
Crazy Yiuf hits you with a +4 quarterstaff of chaos.
Crazy Yiuf freezes you.
You barely miss Crazy Yiuf.
Crazy Yiuf is heavily wounded.
Crazy Yiuf hits you with a +4 quarterstaff of chaos!
* * * LOW HITPOINT WARNING * * *
You closely miss Crazy Yiuf.
Crazy Yiuf is heavily wounded.
Crazy Yiuf hits you with a +4 quarterstaff of chaos!
You die...

#'###......#####..##
#..... #.# #......#
#....# #..... #.#
#......# #....#
#..... #.# #......#
##...# #.....
#.###......# ##.##
#..... #...'......#
##.# #.....
#####......# #.##
###'## ######## ##.#
#.# #@## #.## #g#
#... ... #### #...#
#)..# #####


You could see Crazy Yiuf.

Vanquished Creatures
  Terence (D:2)
  2 adders (D:2)
  3 gnolls (D:2)
  A worm (D:2)
  4 dart slugs
  A bat (D:1)
  3 endoplasms
  A giant cockroach (D:1)
  7 goblins
  2 hobgoblins (D:2)
  2 quokkas (D:1)
  4 ball pythons
  A frilled lizard (D:1)
  7 rats
39 creatures vanquished.

Notes
Turn   | Place    | Note
-------+----------+-------------------------------------------
     0 | D:1      | Ijustatesigmund the Gargoyle Fighter began the quest for
                  | the Orb.
     0 | D:1      | Reached XP level 1. HP: 14/14 MP: 1/1
    81 | D:1      | Found Wostruni's Book Shop.
   120 | D:1      | Reached XP level 2. HP: 18/19 MP: 2/2
   134 | D:1      | Found Ezojiaf's Weapon Boutique.
   474 | D:1      | Found Rageco's Magic Scroll Shoppe.
   480 | D:1      | Bought a scroll of identify for 24 gold pieces
   480 | D:1      | Bought a scroll of teleportation for 36 gold pieces
   580 | D:1      | Found Diestrau's Weapon Boutique.
   601 | D:1      | Found Ufrioquf's General Store.
   610 | D:1      | Bought a scroll of magic mapping for 49 gold pieces
   850 | D:1      | Reached XP level 3. HP: 24/24 MP: 3/3
  1109 | D:2      | Found a runed translucent door.
  1110 | D:2      | Noticed Crazy Yiuf
  1419 | D:2      | Reached XP level 4. HP: 29/29 MP: 4/4
  1860 | D:2      | Noticed Terence
  1868 | D:2      | Killed Terence
  2136 | D:2      | Reached XP level 5. HP: 32/34 MP: 5/5
  2349 | D:2      | Mangled by Crazy Yiuf

Illustrated notes

Levels and vault maps discovered:
D:1:      evilmike_arrival_hilbert_curve, layout_loops_ring, serial_glass,
          glass_columns_c, glass_columns_a, glass_columns_c, glass_columns_a,
          glass_columns_a, glass_columns_a, glass_columns_b, glass_columns_b,
          glass_columns_c, glass_columns_b, serial_shops, shop,
          nicolae_diamond_shop, shop_coins, nicolae_shop_hallway_stairs, shop,
          hangedman_decor_push
D:2:      layout_basic, uniq_crazy_yiuf_cottage, uniq_terence

Skill      XL: |  1  2  3  4 |
---------------+-------------+-----
Maces & Flails | 3 4 |  4.3
Fighting       | 4 |  4.4
Armour         | |  3.2
Shields        | |  3.2

Action                   |  1- 3 |  4- 6 || total
-------------------------+-------+-------++-------
Melee: Flail             |    80 |    54 ||   134
  Use: Scroll            |     5 |       ||     5
       Potion            |       |     2 ||     2
Armor: Scale mail        |    43 |    20 ||    63
Dodge: Dodged            |    21 |    29 ||    50
Block: Buckler           |    14 |     7 ||    21
